 Dungeon Crawl Stone Soup version 0.29.1-13-g9f3cf754e1 (webtiles) character file.

Game seed: 6297224119166760914

166 Anamonty the Vexing (level 5, -2/41 HPs)
             Began as a Barachi Arcane Marksman on Feb 9, 2023.
             Slain by a scorpion (4 damage)
             ... on level 3 of the Dungeon.
             The game lasted 00:04:24 (2507 turns).

Anamonty the Vexing (Barachi Arcane Marksman)       Turns: 2507, Time: 00:04:24

Health: -2/41      AC:  4    Str: 11    XL:     5   Next: 47%
Magic:  8/8        EV: 12    Int: 13    God:
Gold:   136        SH:  0    Dex: 15    Spells: 7/8 levels left

rFire   . . .      SeeInvis .   k - +1 dagger of Ynuusk {spect, rElec}
rCold   . . .      Faith    .   (no shield)
rNeg    . . .      Spirit   .   g - +0 leather armour
rPois   .          Reflect  .   f - +0 helmet
rElec   +          Harm     .   (no cloak)
rCorr   .          Rampage  .   (no gloves)
Will    .....                   (no boots)
Stlth   +.........              (no amulet)
HPRegen 0.13/turn               (no ring)
MPRegen 0.11/turn               (no ring)

@: brilliant, lethally poisoned (-2 -> -14), unable to hop, slow
A: amphibious, slowness 1, strong legs 1, +LOS
a: Hop


You were on level 3 of the Dungeon.
You visited 1 branch of the dungeon, and saw 4 of its levels.

You collected 136 gold pieces.

Inventory:

Hand Weapons
 a - a +1 sling
 k - the +1 dagger of Ynuusk (weapon) {spect, rElec}
   (You found it on level 2 of the Dungeon)

   When its wielder attacks, the weapon's spirit leaps out and strikes again.
   The spirit shares a part of any damage it takes with its wielder.
   rElec:     It insulates you from electricity.
Armour
 c - a +0 robe
 f - a +0 helmet (worn)
 g - a +0 leather armour (worn)
Wands
 s - a wand of flame (8) (quivered)
Scrolls
 b - a scroll of poison
 e - a scroll of fear {unknown}
 h - a scroll of teleportation {unknown}
 i - a scroll of magic mapping {unknown}
 l - a scroll of immolation {unknown}
 n - a scroll of identify {unknown}
 p - a scroll of noise {unknown}
 q - a scroll of fog {unknown}
Potions
 d - a potion of brilliance
 j - 2 potions of magic {unknown}
 m - a potion of cancellation {unknown}
 o - a potion of degeneration {unknown}
 r - a potion of invisibility {unknown}
 t - a potion of heal wounds {unknown}
 u - a potion of curing {unknown}


   Skills:
 * Level 3.4 Fighting
 * Level 3.3 Ranged Weapons
 + Level 3.0 Dodging
 + Level 2.0 Spellcasting
 + Level 3.9 Hexes


You had 7 spell levels left.
You knew the following spells:

 Your Spells              Type           Power      Damage    Failure   Level
a - Slow                  Hex            68%        N/A       7%          1

Your spell library contained the following spells:

 Spells                   Type           Power      Damage    Failure   Level
 Apportation              Tloc           2%         N/A       32%         1
 Necrotise                Necr           4%         1d4       32%         1
 Summon Small Mammal      Summ           4%         N/A       32%         1
 Inner Flame              Hex/Fire       9%         N/A       41%         3
 Portal Projectile        Hex/Tloc       18%        N/A       41%         3
 Cause Fear               Hex            8%         N/A       54%         4
 Conjure Flame            Conj/Fire      1%         6-21      69%         3
 Sticky Flame             Conj/Fire      1%         2d3       97%         4


Dungeon Overview and Level Annotations

Branches:
Dungeon (4/15)
 Temple: D:4-7

Altars:
Dithmenos
Vehumet


Innate Abilities, Weirdness & Mutations

You are amphibious.
You cover ground slowly.
You can hop short distances.
You have an extended range of vision and can be seen from far away.


Message History

Your +1 dagger of Ynuusk {spect, rElec} hits the scorpion but does no damage.
You feel sick. The scorpion misses you.
The scorpion stings you but does no damage.
You hit the scorpion but do no damage.
The scorpion is lightly wounded.
Your +1 dagger of Ynuusk {spect, rElec} barely misses the scorpion.
You feel sick. The scorpion stings you.
You closely miss the scorpion.
The scorpion is lightly wounded.
Your +1 dagger of Ynuusk {spect, rElec} closely misses the scorpion.
You feel sick.
The scorpion stings you but does no damage.
You hit the scorpion.
The scorpion is moderately wounded.
Your +1 dagger of Ynuusk {spect, rElec} misses the scorpion.
You feel sick. The scorpion stings you.
You are more poisoned.
The scorpion poisons you!
You hit the scorpion but do no damage. Your punch misses the scorpion.
The scorpion is moderately wounded.
Your +1 dagger of Ynuusk {spect, rElec} completely misses the scorpion.
You feel very sick. The scorpion stings you.
You are lethally poisoned!
The scorpion poisons you!
You hit the scorpion but do no damage. Your punch misses the scorpion.
The scorpion is moderately wounded.
Your +1 dagger of Ynuusk {spect, rElec} hits the scorpion.
* * * LOW HITPOINT WARNING * * *
You feel very sick.
Your +1 dagger of Ynuusk {spect, rElec} fades away.
The scorpion barely misses you. The scorpion stings you.
* * * LOW HITPOINT WARNING * * *
Okay, then.
It was a potion of brilliance.
You feel clever all of a sudden.
* * * LOW HITPOINT WARNING * * *
You feel very sick. The scorpion stings you.
You die...

#........# #.# #.# #.#
#.##.....###.# #.# #.#
#.##.........# ##.#########<#
#.##.....##########............#
#.##.....##..........###########
#.####.####.########.#
#...........##.<.# #.# #########
##.##..####......###.##
#....[..[ #>##..#
#....s@..#..###.####### #.##..#
#...............# #### #.##..#
##.......##.###.# #... #.##..#
###.....##.# #.####...
#.#...#######.....##.# #.##....^
#.#................#.# #)##(....
#.#..###.............# #.##.....
#.#.## #.#.........#####........
#.#.# #..........## #...###...


You could see a scorpion.

Vanquished Creatures
  A howler monkey (D:3)
  An orc wizard (D:3)
  3 adders
  A dart slug (D:1)
  9 orcs
  3 ball pythons
  3 endoplasms (D:1)
  A giant cockroach (D:1)
  6 goblins
  6 hobgoblins
  5 jackals (D:1)
  5 quokkas
  5 bats
  4 frilled lizards
  3 kobolds
  6 rats
62 creatures vanquished.

Notes
Turn   | Place    | Note
-------+----------+-------------------------------------------
     0 | D:1      | Anamonty the Barachi Arcane Marksman began the quest for
                  | the Orb.
     0 | D:1      | Reached XP level 1. HP: 15/15 MP: 2/2
    51 | D:1      | Reached XP level 2. HP: 15/21 MP: 1/3
   237 | D:1      | Got the Parchment of the Arsonist
   349 | D:1      | Reached XP level 3. HP: 27/27 MP: 5/5
   428 | D:1      | Found a faded altar of an unknown god.
   661 | D:2      | Identified the +1 dagger of Ynuusk {spect, rElec}
   954 | D:2      | Identified the +10 mace "Bifulam" {flame, rC++ Dex+2}
  1304 | D:3      | Reached XP level 4. HP: 7/34 MP: 6/6
  1597 | D:3      | Found a radiant altar of Vehumet.
  1631 | D:3      | Found a shadowy altar of Dithmenos.
  2012 | D:3      | Reached XP level 5. HP: 41/41 MP: 7/7
  2507 | D:3      | HP: 2/41 [poisoned by a scorpion]
  2507 | D:3      | Slain by a scorpion

Illustrated notes

Levels and vault maps discovered:
D:1:      shiori_arrival_maze, layout_rooms,
          hellmonk_ecumenical_altar_dog_temple, serial_bayou_lagoon_a
D:2:      layout_loops_ring
D:3:      layout_loops_ring, vehumet_altar_wand_db,
          mainiacjoe_overflow_small_starburst, kennysheep_decorative_pillar
D:4:      layout_basic, mainiacjoe_overflow_six_doors_small,
          gammafunk_ghost_necromancy, uniq_eustachio, uniq_menkaure

Skill      XL: |  1  2  3  4  5 |
---------------+----------------+-----
Fighting       | 2 3 |  3.4
Ranged Weapons | 3 |  3.3
Dodging        | 3 |  3.0
Spellcasting   | 2 |  2.0
Hexes          | |  3.9

Action                   |  1- 3 |  4- 6 || total
-------------------------+-------+-------++-------
Melee: Dagger            |    10 |    33 ||    43
 Fire: Sling             |    96 |    68 ||   164
 Cast: Slow              |     1 |       ||     1
 Abil: Hop               |     4 |     3 ||     7
Evoke: Wand              |       |     5 ||     5
  Use: Potion            |       |     1 ||     1
Armor: Robe              |    11 |       ||    11
       Leather armour    |     6 |    13 ||    19
Dodge: Dodged            |    28 |    33 ||    61
